 Dungeon Crawl Stone Soup version 0.30-a0-304-gdc4b735fe1 (webtiles) character file.

Game seed: 12756834586799174406

377 Harunobu the Trooper (level 6, -14/57 HPs)
             Began as a Minotaur Monk on Oct 20, 2022.
             Demolished by Duvessa
             ... wielding a +0 short sword
              (15 damage)
             ... on level 5 of the Dungeon.
             The game lasted 00:06:18 (2958 turns).

Harunobu the Trooper (Minotaur Monk)                Turns: 2958, Time: 00:06:19

Health: -14/57     AC: 11    Str: 21    XL:     6   Next: 45%
Magic:  5/5        EV: 13    Int:  7    God:
Gold:   218        SH:  0    Dex: 13    Spells: 5/5 levels left

rFire   . . .      SeeInvis .    x - +0 morningstar
rCold   + . .      Faith    .    (no shield)
rNeg    . . .      Spirit   .    u - +6 ring mail of a volcano {Will- Str+4}
rPois   .          Reflect  .    (helmet restricted)
rElec   .          Harm     .    (no cloak)
rCorr   .          Rampage  .    (no gloves)
Will    .....                    (no boots)
Stlth   ++........               (no amulet)
HPRegen 0.29/turn                h - ring of protection from cold
MPRegen 0.09/turn                (no ring)

@: no status effects
A: horns 2, retaliatory headbutt
a: no special abilities


You were on level 5 of the Dungeon.
You visited 1 branch of the dungeon, and saw 5 of its levels.

You collected 218 gold pieces.

Inventory:

Hand Weapons
 a - a +0 mace
 i - a +0 whip
 x - a +0 morningstar (weapon)
Missiles
 r - a throwing net (quivered)
Armour
 b - a +0 robe
 f - a +0 chain mail
 u - the +6 ring mail of a volcano (worn) {Will- Str+4}
   (You found it on level 3 of the Dungeon)

   Str:       It affects your strength (+4).
   Will:      It decreases your willpower.
Jewellery
 d - a ring of ice
 h - a ring of protection from cold (left hand)
 k - a ring of flight
Scrolls
 e - 7 scrolls of identify {unknown}
 g - 3 scrolls of teleportation {unknown}
 j - 2 scrolls of poison {unknown}
 l - a scroll of immolation {unknown}
 m - 2 scrolls of amnesia {unknown}
 n - 2 scrolls of enchant weapon {unknown}
 p - 2 scrolls of blinking {unknown}
 s - a scroll of acquirement {unknown}
Potions
 c - a potion of ambrosia
 o - a potion of attraction {unknown}
 t - a potion of resistance {unknown}
 v - a potion of degeneration {unknown}
 w - a potion of cancellation {unknown}
 z - a potion of might {unknown}


   Skills:
 + Level 5.8 Fighting
 - Level 3.6 Maces & Flails
 + Level 5.3 Dodging
 + Level 3.8 Stealth


You had 5 spell levels left.
You didn't know any spells.
Your spell library contained the following spells:

 Spells                   Type           Power      Damage    Failure   Level
 Blink                    Tloc           0%         N/A       75%         2
 Momentum Strike          Conj/Tloc      0%         3d8       75%         2
 Kindle Blastsparks       Fire/Tloc/Air  0%         2d10      93%         3
 Lesser Beckoning         Tloc           0%         N/A       93%         3
 Fulminant Prism          Conj/Hex       0%         3d6       100%        4
 Iskenderun's Mystic Bla  Conj/Tloc      0%         2d3       100%        4
 Lee's Rapid Deconstruct  Erth           0%         3d4*      100%        5


Dungeon Overview and Level Annotations

Branches:
Dungeon (5/15)
 Temple: D:4-7

Altars:
Xom

Annotations:
D:4 Pikel
D:5 Duvessa


Innate Abilities, Weirdness & Mutations

You have a pair of horns on your head.
You reflexively headbutt those who attack you in melee.


Message History

You hit Duvessa but do no damage. You headbutt Duvessa!
Duvessa is moderately wounded.
Duvessa closely misses you. Duvessa hits you with a +0 short sword!
An orc comes into view. It is wielding a +0 whip.
The orc shouts!
You hit Duvessa but do no damage.
Duvessa is moderately wounded.
Duvessa hits you with a +0 short sword!
* * * LOW HITPOINT WARNING * * *
Duvessa closely misses you.
You hit Duvessa but do no damage. You headbutt Duvessa.
Duvessa is heavily wounded.
Duvessa hits you with a +0 short sword!
* * * LOW HITPOINT WARNING * * *
Duvessa hits you but does no damage.
You feel much better. Duvessa hits you with a +0 short sword!
Duvessa barely misses you.
You hit Duvessa. Your headbutt misses Duvessa.
Duvessa is heavily wounded.
Duvessa hits you with a +0 short sword!
* * * LOW HITPOINT WARNING * * *
The orc wizard gestures wildly while chanting.
The orc wizard flickers and vanishes!
Deactivating autopickup; reactivate with Ctrl-A.
You impale Duvessa!!
Duvessa is almost dead.
Duvessa hits you with a +0 short sword!
* * * LOW HITPOINT WARNING * * *
Duvessa completely misses you.
You barely miss Duvessa.
Duvessa is almost dead.
Duvessa barely misses you. Duvessa completely misses you.
You closely miss Duvessa.
Duvessa is almost dead.
Duvessa hits you with a +0 short sword.
* * * LOW HITPOINT WARNING * * *
Duvessa hits you with a +0 short sword.
* * * LOW HITPOINT WARNING * * *
Duvessa attacks as you move away! Duvessa hits you with a +0 short sword!
You die...

.# #.#
#.# ##.##
#.# #.#
#...##
#.# #.#
.....####
#.# #.#
.........
..# #.#
.....###
#†#
#...##
#.# †..##
#.# .###
#@# .#
#e######
)#
#o{....#
.#
#oo....#
.#
#......#
.#
##.....#
.#
#.....#
.#
###.###
.# .#


You could see Duvessa (berserk), an orc wizard and 2 orcs.

Vanquished Creatures
  Dowan (D:5)
  An orc priest (D:5)
  A gnoll bouda (D:5)
  An orc wizard (D:5)
  Robin (D:3)
  5 gnolls (D:5)
  6 adders
  7 worms
  4 dart slugs
  10 orcs
  9 ball pythons
  3 endoplasms
  2 giant cockroaches
  13 hobgoblins
  5 jackals
  2 quokkas (D:3)
  5 bats (D:1)
  3 frilled lizards
  14 goblins
  5 kobolds
  4 rats
  A butterfly (D:5)
103 creatures vanquished.

Notes
Turn   | Place    | Note
-------+----------+-------------------------------------------
     0 | D:1      | Harunobu the Minotaur Monk began the quest for the Orb.
     0 | D:1      | Reached XP level 1. HP: 19/19 MP: 0/0
    45 | D:1      | Found a faded altar of an unknown god.
   258 | D:1      | Reached XP level 2. HP: 27/27 MP: 1/1
   628 | D:1      | Reached XP level 3. HP: 33/33 MP: 2/2
  1254 | D:2      | Reached XP level 4. HP: 35/41 MP: 3/3
  1602 | D:3      | Noticed a scorpion
  1999 | D:3      | Identified the +6 ring mail of a volcano {Will- Str+4}
  2095 | D:3      | Noticed Robin
  2141 | D:3      | Killed Robin
  2142 | D:3      | Reached XP level 5. HP: 43/47 MP: 4/4
  2490 | D:4      | Reached skill level 5 in Fighting
  2529 | D:4      | Noticed a lemure
  2529 | D:4      | Noticed Pikel
  2531 | D:4      | Noticed a lemure
  2533 | D:4      | Noticed a lemure
  2533 | D:4      | Noticed a lemure
  2566 | D:5      | Entered Level 5 of the Dungeon
  2755 | D:5      | Reached skill level 5 in Dodging
  2755 | D:5      | Reached XP level 6. HP: 56/56 MP: 5/5
  2895 | D:5      | Found a shimmering altar of Xom.
  2942 | D:5      | Noticed Duvessa
  2942 | D:5      | Noticed Dowan
  2948 | D:5      | Killed Dowan
  2957 | D:5      | HP: 1/57 [Duvessa/+0 short sword (2)]
  2958 | D:5      | Demolished by Duvessa

Illustrated notes

Levels and vault maps discovered:
D:1:      scummos_arrival_star, layout_loops_cross, basic_ecumenical_altar
D:2:      layout_rooms
D:3:      layout_rooms, nicolae_kite_square_tiling_tiny, nicolae_wormholes,
          uniq_robin
D:4:      layout_loops_ring, nicolae_overflow_quartered_altars, serial_shops,
          shop, uniq_pikel
D:5:      layout_loops_ring, xom_butterflies, uniq_duvessa

Skill      XL: |  1  2  3  4  5 |
---------------+----------------+-----
Fighting       | 4 5 |  5.8
Stealth        | 2 3 |  3.8
Dodging        | 4 5 |  5.3
Maces & Flails | |  3.6

Action                   |  1- 3 |  4- 6 || total
-------------------------+-------+-------++-------
Melee: Mace              |    36 |       ||    36
       Headbutt          |    21 |    38 ||    59
       Whip              |    57 |   168 ||   225
       Punch             |       |     2 ||     2
       Morningstar       |       |    31 ||    31
  Use: Potion            |       |     2 ||     2
 Stab: Sleeping          |     1 |       ||     1
Armor: Robe              |     3 |       ||     3
       Chain mail        |    47 |    27 ||    74
       Ring mail         |       |    62 ||    62
Dodge: Dodged            |    36 |   156 ||   192

Table legend: (Time is in decaauts)
 A = Elapsed time spent in this place.
 B = Non-inter-level travel time spent in this place.
 C = Inter-level travel time spent in this place.
 D = Time resting spent in this place.
 E = Time spent auto-exploring this place.
 F = Levels seen in this place.
 G = Mean time per level.
                   A        B        C        D        E       F      G
               +--------+--------+--------+--------+--------+-----+--------+
         Total |   2955 |   2876 |     79 |    582 |   1489 |   5 |  591.0 |
       Dungeon |   2955 |   2876 |     79 |    582 |   1489 |   5 |  591.0 |
               +--------+--------+--------+--------+--------+-----+--------+

Top non-repeatable levels by time:
     D:3: 875 daAuts
     D:1: 796 daAuts
     D:2: 575 daAuts
     D:5: 397 daAuts
     D:4: 311 daAuts
